 Dungeon Crawl Stone Soup version 0.29-a0-322-g68df515428 (webtiles) character file.

Game seed: 16278039757312274230

36 zishaf the Skirmisher (level 3, 0/31 HPs)
             Began as a Palentonga Abyssal Knight on Apr 5, 2022.
             Was a Believer of Lugonu.
             Slain by Ijyb
             ... wielding a +0 dagger
              (2 damage)
             ... on level 2 of the Dungeon.
             The game lasted 00:02:59 (1486 turns).

zishaf the Skirmisher (Palentonga Abyssal Knight)   Turns: 1486, Time: 00:03:00

Health: 0/31       AC:  4    Str: 18    XL:     3   Next: 19%
Magic:  4/4        EV:  9    Int: 10    God:    Lugonu [**....]
Gold:   144        SH:  0    Dex: 10    Spells: 2/2 levels left

rFire   . . .      SeeInvis +   a - +1 falchion
rCold   + . .      Faith    .   (no shield)
rNeg    + . .      Spirit   .   b - +0 leather armour
rPois   .          Reflect  .   (no helmet)
rElec   .          Harm     .   (no cloak)
rCorr   .          Rampage  .   (no gloves)
Will    .....                   (no barding)
Stlth   +.........              l - amulet of magic regeneration
HPRegen 0.10/turn               g - ring of positive energy
MPRegen 0.49/turn               j - ring of protection from cold

@: no status effects
A: large, rugged brown scales 3, see invisible, deformed body, roll 1, armoured
tail
a: Rolling Charge, Renounce Religion, Depart the Abyss, Bend Space


You were on level 2 of the Dungeon.
You worshipped Lugonu.
Lugonu was pleased with you.
You visited 1 branch of the dungeon, and saw 3 of its levels.
You visited the Abyss 1 time.

You collected 144 gold pieces.

Inventory:

Hand Weapons
 a - a +1 falchion (weapon)
Missiles
 d - a throwing net
Armour
 b - a +0 leather armour (worn)
Jewellery
 g - a ring of positive energy (left hand)
 j - a ring of protection from cold (right hand)
 l - an amulet of magic regeneration (around neck)
 q - a ring of wizardry
Scrolls
 i - 2 scrolls of fear {unknown}
 k - a scroll of enchant armour {unknown}
 m - a scroll of enchant weapon {unknown}
 o - a scroll of silence {unknown}
 p - a scroll of torment {unknown}
 s - a scroll of identify {unknown}
Potions
 c - a potion of berserk rage {unknown}
 e - a potion of heal wounds {unknown}
 f - a potion of magic {unknown}
 h - 5 potions of curing {unknown}
 n - a potion of flight {unknown}
 r - a potion of attraction {unknown}
 t - a potion of cancellation {unknown}


   Skills:
 + Level 3.3 Fighting
 + Level 2.4 Long Blades
 - Level 2.0 Armour
 - Level 1.0 Dodging
 + Level 2.6 Invocations


You had 2 spell levels left.
You didn't know any spells.
Your spell library contained the following spells:

 Spells                   Type           Power      Damage    Failure   Level
 Ignite Poison            Fire/Tmut/Pois 0%         N/A       80%         3
 Mephitic Cloud           Conj/Pois/Air  0%         N/A       80%         3
 Freezing Cloud           Conj/Ice/Air   0%         6-21      100%        5


Dungeon Overview and Level Annotations

Branches:
Dungeon (3/15)

Altars:
Xom

Annotations:
D:2 Ijyb


Innate Abilities, Weirdness & Mutations

You are completely covered in rugged brown scales. (AC +3, +7% HP)
You have supernaturally acute eyesight. (SInv)
Armour fits poorly on your strangely shaped body.
You can roll at nearby foes to attack.
You have a long armoured tail.


Message History

Ijyb is heavily wounded.
Ijyb hits you with a +0 dagger.
You are too injured to fight recklessly!
You are too injured to fight recklessly!
You are too injured to fight recklessly!
Okay, then.
You closely miss Ijyb.
Ijyb is heavily wounded.
Ijyb hits you with a +0 dagger.
You barely miss Ijyb.
Ijyb is heavily wounded.
Ijyb hits you but does no damage.
Roll where?
Press: ? - help, Dir - move target, f - orc priest, p - Ijyb
Aim: an orc priest, wielding a +0 short sword You roll forward with a clatter of scales!
You hit the orc priest.
The orc priest is moderately wounded.
You hear a shout! x2
The orc priest hits you with a +0 short sword.
* * * LOW HITPOINT WARNING * * *
Space bends around you!
You blink.
A giant cockroach comes into view.
The giant cockroach barely misses you.
There is a stone staircase leading up here.
The giant cockroach closely misses you. Ijyb closely misses you.
The giant cockroach closely misses you.
You climb upwards.
There is a stone staircase leading down here.
You hit Ijyb but do no damage.
Your tail-slap misses Ijyb.
Ijyb is heavily wounded.
Ijyb hits you with a +0 dagger.
* * * LOW HITPOINT WARNING * * *
The giant cockroach bites you but does no damage.
Ijyb hits you but does no damage.
You barely miss Ijyb.
Ijyb is heavily wounded.
The giant cockroach completely misses you.
Ijyb hits you with a +0 dagger.
You die...

....###.......##.##.###
....'.........##......#
....##........##..#.#.#
.#####........##....#.#
..................#.#.#
.......###...#.#....#.# .......#
#........#.#.########### .......#
#####..g.#.............#
#......#######..@.###...........'
#..............#.B# #...........#
#......#######.#..# #...........#
#......###.##.....###...........#
#.......##.###.##...'...........#
#.......##...#.#..###...........#
#######.##.#.#.#..# #...........#
#....#......# #...........#
########.##.# #############


You could see Ijyb and a giant cockroach.

Vanquished Creatures
  2 worms (D:2)
  3 dart slugs
  2 endoplasms (D:2)
  3 giant cockroaches
  4 goblins
  4 kobolds
  A quokka (D:1)
  A ball python (D:1)
  2 bats
22 creatures vanquished.

Notes
Turn   | Place    | Note
-------+----------+-------------------------------------------
     0 | Abyss:1  | zishaf the Palentonga Abyssal Knight began the quest for
                  | the Orb.
     0 | Abyss:1  | Reached XP level 1. HP: 19/19 MP: 2/2
     0 | Abyss:1  | Found a corrupted altar of Lugonu.
    37 | Abyss:1  | Noticed a thrashing horror
    41 | D:1      | Escaped the Abyss
   142 | D:1      | Reached skill level 1 in Dodging
   142 | D:1      | Reached XP level 2. HP: 23/25 MP: 3/3
   320 | D:1      | Reached ** piety under Lugonu
   475 | D:1      | You fall into a shaft and drop 1 floor!
   475 | D:2      | Found a shimmering altar of Xom.
  1079 | D:2      | Reached XP level 3. HP: 31/31 MP: 4/4
  1468 | D:3      | Noticed Ijyb
  1486 | D:2      | Slain by Ijyb

Illustrated notes

Levels and vault maps discovered:
D:1:      sevenhm_arrival_forest_fort_small_4, layout_basic
D:2:      layout_basic, basic_altar, minmay_tromino_v4_a
D:3:      layout_basic, uniq_ijyb

Skill      XL: |  1  2 |
---------------+-------+-----
Dodging        | 1 |  1.0
Armour         | 2 |  2.0
Fighting       | |  3.3
Long Blades    | |  2.4
Invocations    | |  2.6

Action                   || total
-------------------------++-------
Melee: Falchion          ||    62
       Tailslap          ||     7
       Punch             ||     3
Invok: Depart the Abyss  ||     1
       Bend Space        ||     1
 Abil: Rolling Charge    ||     5
 Stab: Sleeping          ||     1
Armor: Leather armour    ||    19
Dodge: Dodged            ||    24

Table legend: (Time is in decaauts)
 A = Elapsed time spent in this place.
 B = Non-inter-level travel time spent in this place.
 C = Inter-level travel time spent in this place.
 D = Time resting spent in this place.
 E = Time spent auto-exploring this place.
 F = Levels seen in this place.
 G = Mean time per level.
                   A        B        C        D        E       F      G
               +--------+--------+--------+--------+--------+-----+--------+
         Total |   1500 |   1459 |     41 |      0 |   1220 |   4 |  375.0 |
       Dungeon |   1459 |   1418 |     41 |      0 |   1220 |   3 |  486.3 |
         Abyss |     41 |     41 |      0 |      0 |      0 |   1 |   41.0 |
               +--------+--------+--------+--------+--------+-----+--------+

Top non-repeatable levels by time:
     D:2: 867 daAuts
     D:1: 574 daAuts
 Abyss:1: 41 daAuts
     D:3: 17 daAuts
